 Dungeon Crawl Stone Soup version 0.28-a0-863-g8cecda6153 (webtiles) character file.

Game seed: 12665613422102707878

471 ytrimaz the Covered (level 7, -1/56 HPs)
             Began as a Formicid Fighter on Nov 17, 2021.
             Slain by a killer bee (5 damage)
             ... on level 4 of the Dungeon.
             The game lasted 00:05:17 (3229 turns).

ytrimaz the Covered (Formicid Fighter)              Turns: 3229, Time: 00:05:18

Health: -1/56      AC:  7    Str: 23    XL:     7   Next: 31%
Magic:  7/7        EV:  9    Int:  7    God:
Gold:   158        SH:  4    Dex: 10    Spells: 6/6 levels left

rFire   . . .      SeeInvis +   a - +1 war axe
rCold   . . .      Faith    .   c - +0 buckler
rNeg    . . .      Spirit   .   b - +0 scale mail
rPois   .          Reflect  .   (helmet unavailable)
rElec   .          Harm     .   (no cloak)
rCorr   .          Rampage  .   (no gloves)
Will    .....                   (no boots)
Stlth   ..........              (no amulet)
HPRegen 0.18/turn               (no ring)
MPRegen 0.10/turn               (no ring)

@: brilliant
A: permanent stasis, dig shafts and tunnels, antennae 3, four strong arms
a: Dig, Shaft Self


You were on level 4 of the Dungeon.
You visited 1 branch of the dungeon, and saw 4 of its levels.

You collected 158 gold pieces.

Inventory:

Hand Weapons
 a - a +1 war axe (weapon)
Armour
 b - a +0 scale mail (worn)
 c - a +0 buckler (worn)
Scrolls
 g - a scroll of magic mapping
Potions
 d - a potion of might
 e - a potion of haste
 j - 2 potions of curing


   Skills:
 * Level 5.0 Fighting
 + Level 4.7 Axes
 * Level 5.6 Armour
 - Level 4.0 Shields


You had 6 spell levels left.
You didn't know any spells.
Your spell library contained the following spells:

 Spells                   Type           Power      Damage    Failure   Level
 Corpse Rot               Necr/Air       0%         N/A       86%         2
 Poisonous Vapours        Pois/Air       0%         N/A       86%         2
 Sublimation of Blood     Necr           0%         N/A       86%         2
 Wereblood                Tmut           0%         N/A       86%         2
 Summon Hydra             Summ           0%         N/A       100%        7


Dungeon Overview and Level Annotations

Branches:
Dungeon (4/15)
 Temple: D:4-7

Altars:
Cheibriados
Vehumet
Xom
Zin

Annotations:
D:3 3 runed translucent doors, siradein's ghost, amateur DsGl


Innate Abilities, Weirdness & Mutations

You cannot be hasted, slowed, berserked, paralysed or teleported.
You can dig through walls and to a lower floor.
You have a pair of large antennae on your head. (SInv)
Your four strong arms can wield two-handed weapons with a shield.


Message History

You kill the killer bee!
You feel very sick. You block the killer bee's attack.
Your Fighting skill increases to level 5!
You miss the killer bee.
You feel very sick. The killer bee barely misses you.
The killer bee closely misses you. The killer bee barely misses you.
You miss the killer bee.
You feel sick.
The killer bee stings you but does no damage. x2
You barely miss the killer bee.
You feel very sick. The killer bee stings you.
* * * LOW HITPOINT WARNING * * *
The killer bee closely misses you. The killer bee stings you.
* * * LOW HITPOINT WARNING * * *
You are lethally poisoned!
The killer bee poisons you!
It was a potion of curing.
You feel better. The killer bee stings you.
* * * LOW HITPOINT WARNING * * *
The killer bee stings you.
* * * LOW HITPOINT WARNING * * *
It was a potion of cancellation.
Your magical effects are unravelling.
You feel magically purged.
You feel a little less mighty now.
The killer bee stings you but does no damage.
The killer bee closely misses you.
It was a potion of brilliance.
You feel clever all of a sudden. You block the killer bee's attack.
The killer bee closely misses you.
Okay, then.
Okay, then.
The killer bee closely misses you. You block the killer bee's attack.
The killer bee closely misses you.
There is a stone staircase leading up here.
The killer bee stings you.
* * * LOW HITPOINT WARNING * * *
The killer bee misses you. The killer bee stings you.
You die...

##### ##...### #
##......## ####
##.#@yy.....# #..##
#..##y......# ##..##
..#...##......# ##..#
.......#g...### ###.
......{.##### ######
.......S.# ####.....
.........# ####.(......
....#.....##...........
... #..................


You could see 3 killer bees and a goblin.

Vanquished Creatures
  Grinder (D:3)
  A killer bee (D:4)
  A hound (D:3)
  2 orc wizards (D:3)
  A howler monkey zombie (D:4)
  3 adders
  2 gnolls
  A howler monkey skeleton (D:3)
  2 adder skeletons (D:4)
  2 worms
  2 dart slugs
  4 orcs
  6 endoplasms
  2 giant cockroaches
  8 goblins
  6 hobgoblins
  5 jackals
  4 kobolds (D:3)
  4 quokkas
  5 ball pythons
  5 bats
  5 frilled lizards
  7 rats
79 creatures vanquished.

Notes
Turn   | Place    | Note
-------+----------+-------------------------------------------
     0 | D:1      | ytrimaz the Formicid Fighter began the quest for the Orb.
     0 | D:1      | Reached XP level 1. HP: 18/18 MP: 1/1
   101 | D:1      | Reached XP level 2. HP: 24/24 MP: 2/2
   133 | D:1      | Reached XP level 3. HP: 25/29 MP: 3/3
   251 | D:1      | Found a faded altar of an unknown god.
   997 | D:2      | Reached XP level 4. HP: 37/37 MP: 4/4
  1413 | D:3      | Found a shimmering altar of Xom.
  1614 | D:3      | Found a glowing silver altar of Zin.
  1614 | D:3      | Noticed an angel
  1724 | D:3      | Reached XP level 5. HP: 35/42 MP: 5/5
  2349 | D:3      | Noticed Grinder
  2363 | D:3      | Killed Grinder
  2364 | D:3      | Reached skill level 5 in Armour
  2364 | D:3      | Reached XP level 6. HP: 42/49 MP: 6/6
  2364 | D:3      | Reached XP level 7. HP: 48/55 MP: 7/7
  2506 | D:3      | Found a runed translucent gate.
  2506 | D:3      | Found a runed translucent gate.
  2506 | D:3      | Found a runed translucent gate.
  2513 | D:3      | Noticed siradein's ghost (amateur DsGl)
  2921 | D:4      | Found a radiant altar of Vehumet.
  3201 | D:4      | Found a snail-covered altar of Cheibriados.
  3220 | D:4      | Reached skill level 5 in Fighting
  3229 | D:4      | Slain by a killer bee

Illustrated notes

Levels and vault maps discovered:
D:1:      ncdulo_wetmaze, layout_rooms, ebering_ecumenical_altar_abandoned
D:2:      layout_basic
D:3:      layout_loops_cross, xom_teletrap_fun, zin_angel,
          ebering_ghost_rock_garden, st_stairs_5, uniq_grinder
D:4:      layout_cave_pods, fiery_altar_vehumet, cheibriados_altar_1,
          minmay_fire_ice_demons

Skill      XL: |  1  2  3  4  5  6  7 |
---------------+----------------------+-----
Shields        | 4 |  4.0
Axes           | 3 4 |  4.7
Armour         | 4 5 |  5.6
Fighting       | 4 5 |  5.0

Action                   |  1- 3 |  4- 6 |  7- 9 || total
-------------------------+-------+-------+-------++-------
Melee: War axe           |    79 |   103 |    54 ||   236
  Use: Scroll            |     4 |     1 |     1 ||     6
       Potion            |       |     1 |     7 ||     8
Armor: Scale mail        |    37 |    51 |    29 ||   117
Dodge: Dodged            |    47 |    54 |    42 ||   143
Block: Buckler           |    13 |    23 |    10 ||    46

Table legend: (Time is in decaauts)
 A = Elapsed time spent in this place.
 B = Non-inter-level travel time spent in this place.
 C = Inter-level travel time spent in this place.
 D = Time resting spent in this place.
 E = Time spent auto-exploring this place.
 F = Levels seen in this place.
 G = Mean time per level.
                   A        B        C        D        E       F      G
               +--------+--------+--------+--------+--------+-----+--------+
         Total |   3318 |   3260 |     58 |    173 |   2419 |   4 |  829.5 |
       Dungeon |   3318 |   3260 |     58 |    173 |   2419 |   4 |  829.5 |
               +--------+--------+--------+--------+--------+-----+--------+

Top non-repeatable levels by time:
     D:3: 1497 daAuts
     D:1: 696 daAuts
     D:2: 663 daAuts
     D:4: 460 daAuts
